 Dungeon Crawl Stone Soup version 0.19.0-19-g8c6edcc (webtiles) character file.

119 Remedyn the Shield-Bearer (level 5, 0/42 HPs)
             Began as a Formicid Fighter on Nov 14, 2016.
             Slain by Sigmund
             ... wielding a +0 scythe
              (10 damage)
             ... on level 3 of the Dungeon.
             The game lasted 00:07:06 (1892 turns).

Remedyn the Shield-Bearer (Formicid Fighter)        Turns: 1892, Time: 00:07:07

Health: 0/42       AC: 11    Str: 22    XL:     5   Next: 23%
Magic:  5/5        EV:  5    Int:  7    God:
Gold:   164        SH: 10    Dex: 10    Spells: 0 memorised, 4 levels left

rFire  . . .     SeeInvis +     a - +0 war axe
rCold  . . .     Gourm    .     r - +0 plate armour
rNeg   . . .     Faith    .     c - +0 shield
rPois  .         Spirit   .     (helmet unavailable)
rElec  .         Reflect  .     (no cloak)
rCorr  .         Harm     .     (no gloves)
MR     .....                    (no boots)
Stlth  ..........               (no amulet)
                                (no ring)
                                (no ring)

@: no status effects
A: permanent stasis, dig shafts and tunnels, four strong arms, antennae 3
a: Dig, Shaft Self


You were on level 3 of the Dungeon.
You were not hungry.

You visited 1 branch of the dungeon, and saw 3 of its levels.

You collected 164 gold pieces.

Inventory:

Hand Weapons
 a - a +0 war axe (weapon)
Missiles
 e - 128 stones (quivered)
Armour
 b - a +0 scale mail
 c - a +0 shield (worn)
 m - a +0 chain mail
 r - a +0 plate armour (worn)
 s - a cursed +0 ring mail
Scrolls
 o - 2 scrolls of remove curse
 v - a scroll of random uselessness {unknown}
Potions
 d - a potion of might
 i - a potion of haste
 j - 2 potions of heal wounds
 k - a potion of agility {unknown}
 l - a potion of mutation {unknown}
 p - a potion of degeneration {unknown}
 q - a potion of curing {unknown}
 u - a potion of flight
 w - a potion of brilliance {unknown}
Comestibles
 f - a bread ration
 g - a beef jerky
 h - 2 meat rations
 n - a slice of pizza
 t - 3 chunks of flesh


   Skills:
 + Level 3.8 Fighting
 + Level 3.2 Axes
 + Level 3.9 Armour
 + Level 0.1 Dodging
 + Level 0.6 Stealth
 + Level 4.7 Shields


You had 4 spell levels left.
You didn't know any spells.

Dungeon Overview and Level Annotations

Branches:
Dungeon (3/15)

Altars:
Ru

Annotations:
D:3 Sigmund


Innate Abilities, Weirdness & Mutations

You are under a permanent stasis effect.
You can dig through walls and to a lower floor.
Your four strong arms can wield two-handed weapons with a shield.
You have a pair of large antennae on your head. (SInv)


Message History

Your plate armour prevents you from hitting Sigmund.
Sigmund hits you with a scythe.
You closely miss Sigmund. You block Sigmund's attack.
You closely miss Sigmund. Sigmund hits you with a scythe!
You hit Sigmund.
Sigmund is moderately wounded.
Sigmund hits you with a scythe!
* * * LOW HITPOINT WARNING * * *
You hit Sigmund.
Sigmund is moderately wounded.
Sigmund closely misses you.
You hit Sigmund.
Sigmund is heavily wounded.
You closely miss Sigmund.
Sigmund is heavily wounded.
You block Sigmund's attack.
Your plate armour prevents you from hitting Sigmund.
Sigmund is heavily wounded.
Sigmund hits you with a scythe!
You die...

##### # #.... #.....#
#.#.#.### # .......# #.#
#..#@#.#.# #.#
#[...@.#.#######.#####
#..#.#.#.#...........#
#....#.##..#.##.....<[.#
. ...........##......).#
......#....##........#
....#..#......[.).....
.....)....###........#
.#.#######.# #........#
# #.# #........#


You could see Sigmund (invisible).

Vanquished Creatures
  Jessica (D:3)
  A gnoll (D:1)
  3 adders (D:2)
  An ooze (D:1)
  2 worms (D:2)
  8 bats
  A giant cockroach (D:1)
  5 goblins
  6 hobgoblins
  3 jackals (D:2)
  4 kobolds
  A ball python (D:2)
  3 frilled lizards (D:1)
  7 rats
46 creatures vanquished.

Notes
Turn   | Place    | Note
-------+----------+-------------------------------------------
     0 | D:1      | Remedyn the Formicid Fighter began the quest for the Orb.
     0 | D:1      | Reached XP level 1. HP: 18/18 MP: 1/1
   131 | D:1      | Reached XP level 2. HP: 20/24 MP: 2/2
   382 | D:1      | Reached skill level 4 in Shields
   382 | D:1      | Reached XP level 3. HP: 20/29 MP: 3/3
  1169 | D:2      | Reached XP level 4. HP: 26/37 MP: 4/4
  1380 | D:2      | Found a sacrificial altar of Ru.
  1858 | D:3      | Noticed Jessica
  1867 | D:3      | Killed Jessica
  1867 | D:3      | Reached XP level 5. HP: 42/42 MP: 5/5
  1877 | D:3      | Noticed Sigmund
  1892 | D:3      | Slain by Sigmund

Skill      XL: |  1  2  3  4 |
---------------+-------------+-----
Shields        | 4 |  4.7
Axes           | 3 |  3.2
Fighting       | |  3.8
Armour         | |  3.9
Dodging        | |  0.1
Stealth        | |  0.6

Action                   |  1- 3 |  4- 6 || total
-------------------------+-------+-------++-------
Melee: War axe           |    71 |    80 ||   151
  Use: Scroll            |     3 |       ||     3
       Potion            |       |     3 ||     3
  Eat: Chunk             |     1 |       ||     1
       Bread ration      |       |     1 ||     1
Armor: Scale mail        |    10 |       ||    10
       Chain mail        |    16 |    13 ||    29
       Plate armour      |       |    33 ||    33
Dodge: Dodged            |    24 |    27 ||    51
Block: Shield            |    50 |    56 ||   106
